 Dungeon Crawl Stone Soup version 0.23.1-37-gaa34b87b72 (webtiles) character file.

Game seed: 14000085072104174231

2275 Chiseanne the Fighter (level 9, -14/84 HPs)
             Began as a Gnoll Wanderer on Mar 23, 2019.
             Was an Initiate of Gozag.
             Demolished by an ogre
             ... wielding a +0 giant club
              (22 damage)
             ... on level 7 of the Dungeon.
             The game lasted 00:20:21 (6242 turns).

Chiseanne the Fighter (Gnoll Wanderer)              Turns: 6242, Time: 00:20:22

Health: -14/84     AC: 11    Str: 18    XL:     9   Next: 39%
Magic:  15/15      EV: 13    Int: 20    God:    Gozag
Gold:   707        SH:  0    Dex: 19    Spells: 16/16 levels left

rFire    . . .     SeeInvis .   a - +1 dagger (venom)
rCold    . . .     Gourm    .   (no shield)
rNeg     . . .     Faith    .   E - +2 scale mail {rPois}
rPois    +         Spirit   .   (no helmet)
rElec    .         Reflect  .   (no cloak)
rCorr    .         Harm     .   w - +0 pair of gloves
MR       .....                  c - +0 pair of boots
Stlth    ++........             (no amulet)
HPRegen  0.24/turn              x - +5 ring of dexterity
MPRegen  0.14/turn              C - +5 ring of intelligence

@: about to teleport
A: distributed training, fangs 1, strong nose
a: Potion Petition, Call Merchant, Bribe Branch, Renounce Religion


You were on level 7 of the Dungeon.
You worshipped Gozag.
Gozag was pleased with you.
You were not hungry.

You visited 1 branch of the dungeon, and saw 7 of its levels.

You collected 718 gold pieces.
You paid 11 gold pieces to Gozag.

Inventory:

Hand Weapons
 a - a +1 dagger of venom (weapon)
 s - a +0 mace of holy wrath
Missiles
 e - 153 arrows
 n - 7 sling bullets
 p - 41 poisoned needles
 q - 58 bolts
 t - 172 stones (quivered)
 y - a throwing net
 z - 7 tomahawks of returning
 K - 4 javelins
Armour
 c - a +0 pair of boots (worn)
 w - a +0 pair of gloves (worn)
 E - a +2 scale mail of poison resistance (worn)
 H - the +5 chain mail of Depression {Stlth+}
   (You found it on level 6 of the Dungeon)

   It makes you more stealthy.
Jewellery
 j - an uncursed ring of flight
 x - a +5 ring of dexterity (left hand)
 C - a +5 ring of intelligence (right hand)
 G - an uncursed ring of stealth {unknown}
Wands
 D - a wand of paralysis (7)
 F - a wand of scattershot (1)
 I - a wand of digging (4)
 J - a wand of iceblast (7)
 M - a wand of disintegration (11)
Scrolls
 k - 2 scrolls of amnesia
 m - a scroll of identify
 u - 3 scrolls of remove curse
Potions
 b - 3 potions of haste
 g - a potion of agility
 h - a potion of heal wounds {unknown}
 i - a potion of invisibility {unknown}
 l - a potion of flight {unknown}
 o - a potion of ambrosia {unknown}
 r - 2 potions of brilliance
 v - a potion of magic {unknown}
 A - a potion of mutation {unknown}
 B - a potion of curing
Comestibles
 f - 2 rations


   Skills:
 + Level 12.6 Fighting
 + Level 4.1 Short Blades
 + Level 4.9 Long Blades
 + Level 4.1 Axes
 + Level 4.1 Maces & Flails
 + Level 4.1 Polearms
 + Level 4.1 Staves
 + Level 4.1 Slings
 + Level 4.1 Bows
 + Level 4.1 Crossbows
 + Level 4.1 Throwing
 + Level 4.1 Armour
 + Level 4.9 Dodging
 + Level 4.8 Stealth
 + Level 4.1 Shields
 + Level 4.1 Unarmed Combat
 + Level 4.1 Spellcasting
 + Level 3.4 Conjurations
 + Level 3.4 Hexes
 + Level 3.4 Charms
 + Level 3.4 Summonings
 + Level 3.4 Necromancy
 + Level 3.4 Translocations
 + Level 3.4 Transmutations
 + Level 3.4 Fire Magic
 + Level 3.4 Ice Magic
 + Level 3.4 Air Magic
 + Level 3.4 Earth Magic
 + Level 3.4 Poison Magic
 + Level 4.5 Invocations
 + Level 4.9 Evocations


You had 16 spell levels left.
You didn't know any spells.
Your spell library was empty.

Dungeon Overview and Level Annotations

Branches:
Dungeon (7/15)
 Temple: D:4-7

Altars:
Dithmenos
Gozag
Makhleb
Sif Muna
Trog
Xom
Zin
The Shining One


Innate Abilities, Weirdness & Mutations

Your experience applies equally to all skills.
You have very sharp teeth.
Your uncanny sense of smell can sniff out nearby items.


Message History

You feel strangely unstable. The killer bee closely misses you.
An orc comes into view. It is wielding a +0 flail.
The killer bee stings you but does no damage.
The crimson imp misses you.
A quokka comes into view.
The shadow imp is no longer distracted by gold.
The killer bee stings you.
* * * LOW HITPOINT WARNING * * *
The killer bee stings you.
* * * LOW HITPOINT WARNING * * *
The bullfrog misses you.
The orc shouts!
The bullfrog croaks.
The killer bee closely misses you. The bullfrog closely misses you.
Your surroundings suddenly seem different.
An ogre comes into view. It is wielding a +0 giant club.
As you read the scroll of teleportation, it crumbles to dust.
You feel strangely unstable.
The ogre hits you with a +0 giant club!!
You die...
Your body crumbles into a pile of gold.

#...z...........## .#
.....!r...........###..#
###.#######..###........#
....# #....# ##...###.
#...####.### ##...#
#...##...#### ##.#...#
#...##..>...# ##..###..#
....##......####O.## #...
.##......<..#...@## .#
###..#........####
#..#........#
####......#.# ∆
#.....##+# #....## ######


You could see an ogre.

Vanquished Creatures
  Eustachio (D:5)
  Menkaure (D:6)
  A water moccasin (D:6)
  2 orc warriors (D:6)
  An ice beast (D:6)
  A black bear (D:7)
  4 sky beasts
  3 ogres
  2 scorpions
  3 wights (D:7)
  3 howler monkeys (D:7)
  4 crimson imps
  A quasit (D:7)
  A centaur skeleton (D:6)
  A jelly (D:5)
  A bullfrog skeleton (D:6)
  Ijyb (D:5)
  Terence (D:2)
  4 worker ants
  A hound zombie (D:5)
  A howler monkey zombie (D:4)
  6 adders
  A shadow imp (D:6)
  2 oozes (D:2)
  3 adder skeletons
  A dart slug (D:1)
  4 worms
  2 leopard geckos (D:6)
  2 orcs
  6 bats
  4 giant cockroaches
  9 goblins
  4 hobgoblins
  12 jackals
  3 quokkas
  A ball python (D:1)
  6 frilled lizards
  A jackal zombie (D:7)
  12 kobolds
  2 leopard gecko skeletons
  A leopard gecko zombie (D:6)
  A quokka skeleton (D:4)
  A quokka zombie (D:5)
  13 rats
135 creatures vanquished.

Vanquished Creatures (collateral kills)
  A crimson imp (D:7)
1 creature vanquished.

Grand Total: 136 creatures vanquished

Notes
Turn   | Place    | Note
-------+----------+-------------------------------------------
     0 | D:1      | Reached skill level 12 in Fighting
     0 | D:1      | Chiseanne the Gnoll Wanderer began the quest for the Orb.
     0 | D:1      | Chiseanne set off with the following items: a +2 dagger, a
                  | potion of haste, a +0 short sword, a +0 falchion, a +0
                  | robe, a ration
     0 | D:1      | Reached XP level 1. HP: 31/31 MP: 2/2
   100 | D:1      | Reached XP level 2. HP: 38/38 MP: 3/3
   621 | D:1      | Reached XP level 3. HP: 38/44 MP: 4/4
   821 | D:2      | Reached skill level 1 in Invocations
  1004 | D:2      | Noticed Terence
  1033 | D:2      | Killed Terence
  1033 | D:2      | Reached skill level 1 in Short Blades
  1033 | D:2      | Reached skill level 1 in Axes
  1033 | D:2      | Reached skill level 1 in Maces & Flails
  1033 | D:2      | Reached skill level 1 in Polearms
  1033 | D:2      | Reached skill level 1 in Staves
  1033 | D:2      | Reached skill level 1 in Slings
  1033 | D:2      | Reached skill level 1 in Bows
  1033 | D:2      | Reached skill level 1 in Crossbows
  1033 | D:2      | Reached skill level 1 in Throwing
  1033 | D:2      | Reached skill level 1 in Armour
  1033 | D:2      | Reached skill level 1 in Shields
  1033 | D:2      | Reached skill level 1 in Unarmed Combat
  1033 | D:2      | Reached skill level 1 in Spellcasting
  1033 | D:2      | Reached XP level 4. HP: 23/51 MP: 4/6
  1798 | D:3      | Reached skill level 1 in Conjurations
  1798 | D:3      | Reached skill level 1 in Hexes
  1798 | D:3      | Reached skill level 1 in Charms
  1798 | D:3      | Reached skill level 1 in Summonings
  1798 | D:3      | Reached skill level 1 in Necromancy
  1798 | D:3      | Reached skill level 1 in Translocations
  1798 | D:3      | Reached skill level 1 in Transmutations
  1798 | D:3      | Reached skill level 1 in Fire Magic
  1798 | D:3      | Reached skill level 1 in Ice Magic
  1798 | D:3      | Reached skill level 1 in Air Magic
  1798 | D:3      | Reached skill level 1 in Earth Magic
  1798 | D:3      | Reached skill level 1 in Poison Magic
  1905 | D:3      | Found a shadowy altar of Dithmenos.
  1959 | D:3      | Found an opulent altar of Gozag.
  1971 | D:3      | Became a worshipper of Gozag Ym Sagoz the Greedy
  2318 | D:3      | Found a bloodstained altar of Trog.
  2335 | D:3      | Reached XP level 5. HP: 57/57 MP: 7/7
  2420 | D:4      | Found a glowing silver altar of Zin.
  2706 | D:4      | Noticed an ogre
  2724 | D:4      | Killed an ogre
  2724 | D:4      | Reached XP level 6. HP: 9/64 MP: 8/8
  3359 | D:5      | Entered Level 5 of the Dungeon
  3465 | D:5      | Noticed Ijyb
  3479 | D:5      | Paralysed by Ijyb for 2 turns
  3487 | D:5      | Killed Ijyb
  3535 | D:5      | Noticed a sky beast
  3545 | D:5      | Killed a sky beast
  3791 | D:5      | Reached XP level 7. HP: 69/70 MP: 10/10
  3825 | D:5      | Noticed Eustachio
  3845 | D:5      | Killed Eustachio
  4077 | D:5      | Found a shimmering altar of Xom.
  4078 | D:5      | Found a burning altar of Makhleb.
  4254 | D:5      | Reached XP level 8. HP: 76/76 MP: 12/12
  4441 | D:5      | Found a bloodstained altar of Trog.
  5023 | D:6      | Found a deep blue altar of Sif Muna.
  5076 | D:6      | Found a glowing golden altar of the Shining One.
  5151 | D:6      | Noticed Menkaure
  5155 | D:6      | Got a polished chain mail
  5164 | D:6      | Killed Menkaure
  5478 | D:6      | Identified the +5 chain mail of Depression {Stlth+} (You
                  | found it on level 6 of the Dungeon)
  5972 | D:6      | Reached XP level 9. HP: 83/83 MP: 14/14
  6232 | D:7      | HP: 4/84 [killer bee (8)]
  6242 | D:7      | Demolished by an ogre

Skill      XL: |  1  2  3  4  5  6  7  8  9 |
---------------+----------------------------+-----
Fighting       | | 12.6
Invocations    | 1 2 3 4 |  4.5
Short Blades   | 1 2 3 4 |  4.1
Axes           | 1 2 3 4 |  4.1
Maces & Flails | 1 2 3 4 |  4.1
Polearms       | 1 2 3 4 |  4.1
Staves         | 1 2 3 4 |  4.1
Slings         | 1 2 3 4 |  4.1
Bows           | 1 2 3 4 |  4.1
Crossbows      | 1 2 3 4 |  4.1
Throwing       | 1 2 3 4 |  4.1
Armour         | 1 2 3 4 |  4.1
Shields        | 1 2 3 4 |  4.1
Unarmed Combat | 1 2 3 4 |  4.1
Spellcasting   | 1 2 3 4 |  4.1
Conjurations   | 1 2 3 |  3.4
Hexes          | 1 2 3 |  3.4
Charms         | 1 2 3 |  3.4
Summonings     | 1 2 3 |  3.4
Necromancy     | 1 2 3 |  3.4
Translocations | 1 2 3 |  3.4
Transmutations | 1 2 3 |  3.4
Fire Magic     | 1 2 3 |  3.4
Ice Magic      | 1 2 3 |  3.4
Air Magic      | 1 2 3 |  3.4
Earth Magic    | 1 2 3 |  3.4
Poison Magic   | 1 2 3 |  3.4
Long Blades    | 3 4 |  4.9
Dodging        | 3 4 |  4.9
Evocations     | 3 4 |  4.9
Stealth        | 3 4 |  4.8

Action                   |  1- 3 |  4- 6 |  7- 9 || total
-------------------------+-------+-------+-------++-------
Melee: Dagger            |   105 |   190 |   225 ||   520
       Bite              |    11 |    34 |    43 ||    88
       Mace              |       |    13 |    45 ||    58
       Punch             |       |     1 |     7 ||     8
Throw: Stone             |       |     5 |       ||     5
  Use: Scroll            |     4 |     7 |    10 ||    21
       Potion            |       |       |     1 ||     1
 Stab: Sleeping          |     9 |       |     3 ||    12
       Distracted        |       |     1 |       ||     1
  Eat: Chunk             |       |     4 |       ||     4
       Ration            |       |     2 |     2 ||     4
Armor: Robe              |    22 |       |       ||    22
       Scale mail        |       |    85 |   125 ||   210
Dodge: Dodged            |    58 |   122 |   177 ||   357
